 Dungeon Crawl Stone Soup version 0.16-a0-1816-g2c93a98 (webtiles) character file.

268 RobertPalmer the Insei (level 6, 0/43 HPs)
             Began as a Demonspawn Transmuter on Nov 4, 2014.
             Slain by a gnoll
             ... wielding a +0 spear
              (5 damage)
             ... on level 4 of the Dungeon.
             The game lasted 00:04:02 (3224 turns).

RobertPalmer the Insei (Demonspawn Transmuter)      Turns: 3224, Time: 00:04:02

Health: 0/43       AC:  3    Str: 10    XL:     6   Next: 1%
Magic:  9/10       EV: 12    Int: 14    God:
Gold:   172        SH:  0    Dex: 16    Spells: 1 memorised, 8 levels left

rFire  . . .     SeeInvis .       - Unarmed
rCold  . . .     Clarity  .     c - +0 robe
rNeg   . . .     SustAb   .     (no shield)
rPois  .         Gourm    .     (helmet restricted)
rElec  .         Spirit   .     (no cloak)
rCorr  .         Warding  .     (no gloves)
rMut   .         Stasis   .     (boots unavailable)
MR     .....                    (no amulet)
Stlth  ++........               (no ring)
                                (no ring)

@: appendage (expiring), drained, not resistant to hostile enchantments,
unstealthy
A: horns 1, talons 3, molten scales 1, nightstalker 1
a: End Transformation


You were on level 4 of the Dungeon.
You were not hungry.
You had grown temporary talons.
You visited 1 branch of the dungeon, and saw 4 of its levels.

You collected 172 gold pieces.


Innate Abilities, Weirdness & Mutations

You have a pair of small horns on your head.
You are partially covered in molten scales (AC +1).
You are slightly more attuned to the shadows.
You have claws for feet.


   Skills:
 - Level 1.0(0.9) Fighting
 - Level 1.7 Dodging
 + Level 6.1 Unarmed Combat
 - Level 2.0(1.9) Spellcasting
 - Level 1.7 Transmutations


You had 8 spell levels left.
You knew the following spells:

 Your Spells              Type           Power        Failure   Level  Hunger
z - Beastly Appendage     Trmt           #.....       14%         1    ##.....

Inventory:

Missiles
 b - 62 arrows
Armour
 c - a +0 robe (worn)
 p - a cursed +0 cloak
Jewellery
 n - an uncursed ring of fire
 s - an uncursed ring of fire
Scrolls
 g - a scroll of magic mapping
 l - 2 scrolls of fog
Potions
 e - 3 potions of heal wounds {unknown}
 h - a potion of flight {unknown}
 i - 2 potions of restore abilities {unknown}
 k - a potion of magic {unknown}
 o - a potion of poison {unknown}
 r - a potion of curing {unknown}
Books
 d - a book of Changes
Comestibles
 a - a bread ration
 f - 4 meat rations
 j - a beef jerky
 m - 3 fruits

Dungeon Overview and Level Annotations

Branches:
Dungeon (4/15)
 Temple: D:4-7

Altars:
Dithmenos

......## #....# **,*
......# ####)...#
*******,** ......##
#.......#
*,,,,,,,*****
.......###......##
*..*****,,,,*
........#.....###
**.#* ******
..............## *..#
*,* ...............#
*#.#* *,*
...............###).#
*,*
.......##.......@gg##
*,*
.......##...###.....#*
*,* *####.......#
##.....# *,*
**#.....## #.....#*
**,* ****,,,,,..*
#..###.#***,,**
*,,,,,,,,,,* #.##
*#.,,,**,*
,,,,,,,,**,** *#.#
*,*******
,,,,***,***,* *..#
**,* ***** *,*
*,***.## **,**


You could see 2 gnolls.


Message History

You closely miss the gnoll. The gnoll hits you.
You hit the gnoll but do no damage.
Your transformation is almost over.
The gnoll barely misses you.
You punch the gnoll! You punch the gnoll.
You kill the gnoll!
The gnoll hits you from afar with a spear.
A gnoll comes into view. It is wielding a whip.
You see here a gnoll corpse.
You hit the gnoll.
The gnoll is lightly wounded.
The gnoll closely misses you. The gnoll hits you with a flail.
You hit the gnoll. You claw the gnoll, but do no damage.
The gnoll is lightly wounded.
The gnoll hits you with a spear!
* * * LOW HITPOINT WARNING * * *
The gnoll closely misses you.
You punch the gnoll!
The gnoll is almost dead.
The gnoll hits you with a spear!
* * * LOW HITPOINT WARNING * * *
You punch the gnoll!
You kill the gnoll!
You have reached level 6!
Your experience leads to an increase in your attributes!
Increase (S)trength, (I)ntelligence, or (D)exterity?
You feel agile. The gnoll hits you but does no damage.
The gnoll hits you from afar with a spear.
You die...

Action                   |  1- 3 |  4- 6 || total
-------------------------+-------+-------++-------
Melee: Unarmed           |   119 |   104 ||   223
 Cast: Beastly Appendage |    12 |    12 ||    24
  Use: Scroll            |       |     5 ||     5
 Stab: Sleeping          |       |     2 ||     2
  Eat: Chunk             |     2 |     6 ||     8

Vault maps used:
D:1:      matt_arrival_los_fun, minmay_misc_feat_room
D:2:      nicolae_dithmenos_shadow_blocks
D:3:      st_stairs_1
D:4:      kennysheep_six_static_rooms, serial_shops, nicolae_shop_statue_plus,
          nicolae_shop_window_shopping, uniq_crazy_yiuf_cottage, uniq_pikel,
          uniq_natasha, uniq_blork_the_orc

Notes
Turn   | Place    | Note
--------------------------------------------------------------
     0 | D:1      | RobertPalmer, the Demonspawn Transmuter, began the quest for the Orb.
     0 | D:1      | Reached XP level 1. HP: 15/15 MP: 3/3
   164 | D:1      | Reached skill level 3 in Unarmed Combat
   432 | D:1      | Gained mutation: You have a pair of small horns on your head. [demonic ancestry]
   432 | D:1      | Reached XP level 2. HP: 18/21 MP: 4/4
   798 | D:2      | Gained mutation: You are partially covered in molten scales (AC +1). [demonic ancestry]
   798 | D:2      | Reached XP level 3. HP: 16/26 MP: 4/6
  1113 | D:2      | Reached skill level 4 in Unarmed Combat
  1278 | D:2      | Found a shadowy altar of Dithmenos.
  1595 | D:2      | Gained mutation: You are slightly more attuned to the shadows. [demonic ancestry]
  1595 | D:2      | Reached XP level 4. HP: 16/32 MP: 7/7
  1851 | D:3      | HP: 3/32 [poisoned by an adder]
  1859 | D:3      | HP: 2/32 [poisoned by an adder]
  2453 | D:3      | Reached skill level 5 in Unarmed Combat
  2694 | D:4      | Noticed Natasha
  2704 | D:4      | Killed Natasha
  2704 | D:4      | Reached XP level 5. HP: 37/37 MP: 7/9
  2729 | D:4      | Noticed Blork the orc
  2741 | D:4      | Killed Blork the orc
  2878 | D:4      | Noticed Crazy Yiuf
  2899 | D:4      | HP: 3/37 [Crazy Yiuf/quarterstaff of chaos (7)]
  2899 | D:4      | HP: 1/37 [Crazy Yiuf/quarterstaff of chaos (2)]
  2902 | D:4      | Killed Crazy Yiuf
  2902 | D:4      | Reached skill level 6 in Unarmed Combat
  3223 | D:4      | Reached XP level 6. HP: 5/43 MP: 8/10
  3224 | D:4      | Slain by a gnoll

Vanquished Creatures
  Blork the orc (D:4)
  Crazy Yiuf (D:4)
  Natasha (D:4)
  2 gnolls (D:4)
  7 adders
  A giant mite (D:1)
  A worm (D:2)
  3 giant geckos
  An ooze (D:3)
  An orc (D:3)
  A giant cockroach (D:3)
  7 hobgoblins
  2 quokkas
  A ball python (D:4)
  5 bats
  5 giant newts
  7 goblins
  4 jackals (D:3)
  7 kobolds
  4 rats
62 creatures vanquished.
